Map: Emerald City LE

Players

mistersnail

  • Race: Zerg Zerg
  • League: Platinum
  • Spawn Location: 11:00

TMGnGatto

  • Race: Protoss Protoss
  • League: Gold
  • Spawn Location: 11:00

Massa - Winner!

  • Race: Terran Terran
  • League: Gold
  • Spawn Location: 5:00

qqq - Winner!

  • Race: Zerg Zerg
  • League: Platinum
  • Spawn Location: 5:00

VOD

Have the link to the VOD?

Description

Time

  • Played on: June 8, 2020, 12:36 p.m.
  • Length: 24:45
Show
View Real Time Build Order
Export as new Build Order

mistersnail Zerg 

Build Orders: Hatch First, Muta Ling Bane 

Get SALT Encoding   

  12  0:01  Drone  
  13  0:12  Overlord  
  13  0:16  Drone  
  14  0:30  Drone x2  
  14  0:35  Drone  
  17  0:53  Hatchery  
  17  0:57  Drone  
  17  1:00  Extractor  
  17  1:02  Drone  
  17  1:18  Spawning Pool  
  17  1:22  Drone  
  17  1:25  Drone  
  18  1:30  Drone  
  19  1:40  Overlord  
  19  1:57  Drone  
  20  2:11  Drone, Queen  
  20  2:12  Queen  
  20  2:15  Zergling x4  
  27  2:19  Metabolic Boost  
  27  2:26  Drone  
  27  2:27  Drone  
  30  2:30  Drone  
  30  2:34  Overlord  
  30  2:48  Queen  
  30  2:49  Drone  
  30  2:50  Drone  
  34  2:52  Drone  
  35  3:01  Drone x2  
  37  3:06  Drone  
  37  3:12  Overlord  
  38  3:18  Drone  
  39  3:21  Overlord  
  39  3:22  Drone x3  
  42  3:30  Drone  
  43  3:48  Drone x3  
  46  3:51  Hatchery  
  46  3:52  Spore Crawler  
  46  3:55  Spore Crawler  
  43  4:03  Extractor  
  43  4:04  Extractor  
  43  4:06  Spore Crawler  
  40  4:11  Baneling Nest  
  40  4:13  Evolution Chamber  
  40  4:14  Lair  
  40  4:16  Drone  
  39  4:17  Drone x6  
  43  4:44  Drone  
  43  4:45  Drone x7  
  51  4:57  Queen  
  53  5:02  Drone x3  
  56  5:08  Extractor  
  56  5:09  Extractor  
  56  5:13  Zerg Melee Weapons Level 1  
  56  5:14  Centrifical Hooks  
  54  5:18  Extractor  
  53  5:28  Spore Crawler  
  52  5:31  Drone  
  52  5:32  Drone x12, Spine Crawler x2  
  52  5:34  Overlord  
  63  5:52  Spire  
  63  5:54  Drone x2  
  63  5:55  Drone x2  
  66  6:38  Zergling x16  
  74  6:45  Overlord x3  
  74  6:55  Overlord x2  
  74  7:00  Baneling x5  
  66  7:33  Mutalisk x3  
  66  7:34  Mutalisk x9  
  90  7:41  Hatchery  
  85  8:26  Hatchery  
  77  9:06  Mutalisk x8  
  93  9:19  Zergling x2  
  93  9:20  Queen, Zergling x4  
  98  9:31  Mutalisk x3  
  98  9:32  Spine Crawler  
  98  9:33  Spine Crawler  
  98  9:34  Spine Crawler  
  101  9:40  Zergling x4  
  101  9:44  Queen  
  105  9:50  Zerg Flyer Weapons Level 1  
  105  9:51  Evolution Chamber  
  104  9:56  Queen  
  104  9:57  Roach Warren  
  92  10:34  Zergling x2  
  92  10:35  Zergling x14  
  92  10:46  Zergling x12  
  60  11:18  Zergling x2  
  60  11:19  Zergling x22  
  70  11:26  Queen  
  72  11:36  Zergling x2  
  70  11:43  Baneling  
  70  11:44  Baneling x17  
  70  11:50  Overseer x2  
  70  12:06  Zergling x2  
  70  12:07  Zergling x30  
  77  12:14  Overseer x2  
  77  12:25  Zergling x8  
  81  12:31  Baneling  
  81  12:32  Baneling x12  
  81  12:39  Queen  
  83  12:49  Zerg Melee Weapons Level 2  
  83  12:51  Infestation Pit  
  82  12:56  Evolution Chamber  
  81  13:03  Zergling x16  
  81  13:04  Zergling x6  
  92  13:15  Queen  
  92  13:19  Zergling x14  
  101  13:31  Hatchery  
  100  13:35  Zergling x2  
  100  13:36  Zergling x8, Overlord  
  105  13:43  Glial Reconstitution  
  105  13:45  Hive  
  105  13:47  Zergling x2  
  105  13:48  Zergling x8  
  110  13:50  Overlord  
  110  13:51  Zerg Ground Armor Level 1  
  110  13:56  Hatchery, Zergling x2  
  110  13:57  Zergling x6  
  110  14:00  Baneling x6  
  110  14:02  Zergling x8  
  117  14:19  Zergling x2  
  117  14:20  Zergling x14  
  117  14:21  Zergling x2  
  126  14:32  Zergling x6  
  126  14:34  Overlord x3  
  126  14:35  Overlord x2  
  100  15:28  Zergling x2  
  75  15:29  Zergling x42  
  75  15:31  Queen  
  75  15:32  Queen  
  100  15:38  Zergling x6  
  103  15:45  Zergling x12  
  109  15:55  Drone x4  
  109  15:56  Drone x3  
  116  16:08  Queen  
  118  16:12  Greater Spire  
  100  16:27  Zergling x2  
  100  16:28  Zergling x24  
  100  16:29  Zergling x2  
  106  16:42  Zergling x2  
  106  16:43  Zergling x16  
  109  17:10  Overlord x3  
  109  17:12  Overseer x3  
  98  17:34  Adrenal Glands  
  98  17:35  Zergling x4  
  98  17:36  Zergling x32  
  89  17:46  Zergling x4  
  89  17:47  Zergling x4  
  89  17:50  Zergling x4  
  89  17:51  Extractor  
  94  17:54  Zergling x2  
  95  17:59  Overseer  
  95  18:13  Zergling x12  
  95  18:14  Zergling x16  
  109  18:27  Zergling x2  
  109  18:28  Zergling x10  
  109  18:29  Hatchery, Baneling  
  109  18:30  Baneling x5  
  109  18:33  Zergling x2  
  115  18:35  Zerg Melee Weapons Level 3  
  115  18:38  Hatchery  
  72  19:18  Zergling x2  
  72  19:19  Zergling x32  
  87  19:28  Overseer  
  86  19:32  Zergling x8  
  68  20:07  Zergling x2  
  68  20:08  Zergling x32  
  83  20:30  Zergling x2  
  83  20:31  Zergling x16  
  84  21:00  Zergling x18  
  86  21:15  Zergling x14  
  85  21:54  Zergling x2  
  85  21:55  Zergling x22  
  70  22:23  Zergling x2  
  70  22:24  Zergling x14  
  78  22:34  Zergling x2  
  78  22:35  Zergling x6  
  78  22:36  Queen  
  79  22:53  Drone  
  79  22:54  Drone x7  
  72  23:19  Zergling x18  
  81  23:20  Zergling x2  
  81  23:26  Zergling x8  
  84  23:56  Zergling x22  
  84  24:02  Zergling x2  
  96  24:07  Zergling x6  
  96  24:08  Overlord x2  
  96  24:09  Overlord  
  98  24:25  Zergling x2  
  98  24:26  Zergling x8  
Show
View Real Time Build Order
Export as new Build Order

TMGnGatto Protoss 

Build Orders: Double Forge, Carriers 

Get SALT Encoding   

  12  0:00  Probe  
  13  0:13  Probe  
  14  0:18  Pylon  
  14  0:25  Probe  
  15  0:37  Probe  
  16  0:44  Gateway  
  16  0:47  Assimilator  
  16  0:49  Probe  
  17  1:01  Probe  
  18  1:13  Probe  
  19  1:21  Pylon  
  19  1:25  Probe  
  20  1:37  Probe  
  20  1:39  Cybernetics Core  
  21  1:51  Nexus  
  21  2:00  Probe  
  22  2:04  Assimilator  
  22  2:12  Probe  
  22  2:15  Warp Gate (Chrono Boost)  
  23  2:21  Pylon  
  23  2:23  Stalker  
  25  2:32  Probe  
  26  2:37  Gateway  
  26  2:46  Gateway  
  26  2:53  Probe (Chrono Boost)  
  27  2:58  Stalker  
  27  3:03  Probe (Chrono Boost)  
  31  3:05  Probe (Chrono Boost)  
  32  3:13  Probe (Chrono Boost)  
  32  3:19  Probe (Chrono Boost)  
  32  3:21  Probe  
  34  3:42  Pylon  
  34  3:47  Forge  
  34  3:50  Forge  
  34  3:52  Stalker x3  
  40  4:09  Pylon  
  40  4:13  Probe x2  
  42  4:18  Assimilator  
  42  4:22  Assimilator  
  42  4:25  Probe x2, Stalker  
  46  4:37  Probe x2  
  46  4:47  Stalker  
  46  4:48  Stalker x2  
  46  4:49  Probe  
  46  4:51  Protoss Ground Weapons Level 1 (Chrono Boost)  
  46  4:52  Protoss Ground Armor Level 1 (Chrono Boost)  
  53  5:03  Twilight Council  
  53  5:11  Pylon  
  53  5:12  Stargate  
  53  5:18  Photon Cannon  
  53  5:21  Probe x2, Photon Cannon  
  55  5:32  Stalker x2  
  55  5:33  Probe x2, Stalker  
  63  5:56  Stalker x2  
  67  6:05  Nexus  
  67  6:17  Probe x2  
  69  6:26  Blink (Chrono Boost), Stalker x3  
  69  6:29  Probe  
  76  6:43  Fleet Beacon  
  74  7:00  Protoss Ground Weapons Level 2  
  74  7:14  Stalker x2  
  78  7:28  Carrier (Chrono Boost)  
  72  7:45  Stalker x3  
  72  7:48  Probe  
  77  8:00  Probe  
  72  8:12  Probe  
  73  8:23  Assimilator  
  73  8:24  Probe, Carrier (Chrono Boost)  
  73  8:25  Assimilator  
  80  8:32  Stalker x2  
  80  8:33  Stalker  
  86  8:36  Probe  
  87  8:43  Protoss Air Weapons Level 1  
  88  8:48  Probe  
  88  8:57  Gateway  
  88  8:58  Gateway  
  88  9:00  Probe  
  88  9:01  Gateway  
  88  9:02  Gateway  
  89  9:04  Pylon x2  
  89  9:06  Pylon  
  87  9:22  Pylon  
  87  9:27  Carrier (Chrono Boost)  
  87  9:30  Mothership (Chrono Boost)  
  101  10:04  Stalker x2  
  101  10:05  Stalker x5  
  115  10:13  Probe  
  112  10:25  Probe  
  109  11:03  Pylon  
  109  11:04  Pylon x2  
  109  11:06  Pylon x2  
  95  11:18  Carrier  
  95  11:19  Zealot  
  64  12:02  Zealot  
  64  12:03  Zealot x5  
  68  12:25  Zealot x6  
  76  12:35  Carrier (Chrono Boost)  
  80  13:05  Nexus  
  80  13:10  Nexus  
  80  13:19  Zealot x3  
  86  13:20  Nexus, Zealot x3  
  86  13:40  Carrier  
  86  13:52  Protoss Ground Weapons Level 3 (Chrono Boost)  
  80  13:56  Protoss Ground Armor Level 2 (Chrono Boost)  
  80  13:58  Zealot x6  
  92  14:06  Charge (Chrono Boost)  
  92  14:24  Probe  
  93  14:26  Mothership (Chrono Boost)  
  101  14:36  Probe  
  101  14:38  Zealot x6  
  114  14:48  Probe  
  114  14:50  Carrier (Chrono Boost)  
  121  15:00  Probe  
  121  15:05  Robotics Facility  
  122  15:12  Probe  
  123  15:22  Zealot x6  
  123  15:23  Assimilator  
  123  15:24  Probe  
  123  15:26  Assimilator  
  136  15:35  Stargate  
  136  15:36  Probe  
  136  15:42  Probe  
  138  15:46  Carrier  
  144  15:52  Zealot  
  144  15:53  Zealot x4  
  144  15:54  Probe, Zealot  
  158  16:12  Probe (Chrono Boost)  
  158  16:22  Probe  
  128  16:46  Photon Cannon  
  120  16:47  Photon Cannon  
  120  16:49  Photon Cannon  
  120  16:50  Photon Cannon, Zealot x4  
  120  16:51  Zealot x2  
  100  17:33  Observer  
  79  17:54  Observer  
  68  18:15  Observer  
  56  19:01  Nexus  
  56  19:02  Pylon x2  
  56  19:19  Zealot x3  
  56  19:20  Zealot x3  
  68  19:34  Photon Cannon  
  28  22:51  Nexus  
  14  23:06  Probe  
  7  24:08  Nexus  
  7  24:18  Zealot x2  
Show
View Real Time Build Order
Export as new Build Order

Massa Terran - Winner!

Build Orders:  

Get SALT Encoding   

  12  0:13  SCV  
  13  0:16  Supply Depot  
  13  0:25  SCV  
  14  0:39  SCV, Barracks  
  15  0:51  SCV  
  16  1:14  Command Center  
  16  1:16  SCV  
  17  1:23  Refinery  
  17  1:28  SCV  
  18  1:33  Marine  
  19  1:40  SCV  
  20  1:52  SCV  
  21  2:01  Barracks  
  21  2:04  SCV  
  22  2:10  Barracks Tech Lab  
  22  2:15  Supply Depot  
  22  2:23  SCV  
  23  2:33  SCV  
  23  2:35  SCV  
  25  2:41  Barracks  
  25  2:43  Marauder  
  27  2:45  SCV  
  28  2:55  Supply Depot  
  28  2:58  Supply Depot  
  28  3:01  SCV x2  
  28  3:05  Marauder  
  32  3:07  Barracks Reactor  
  32  3:13  SCV  
  32  3:15  SCV  
  34  3:25  Orbital Command  
  34  3:27  SCV  
  34  3:29  Refinery  
  35  3:39  SCV  
  36  3:45  Barracks Tech Lab  
  36  3:46  Refinery  
  36  3:53  Factory  
  36  4:04  Engineering Bay  
  36  4:09  Orbital Command, SCV  
  37  4:16  Marauder x2, Marine  
  42  4:20  Concussive Shells  
  42  4:21  SCV  
  43  4:24  Stimpack  
  43  4:30  Engineering Bay  
  43  4:33  SCV  
  44  4:46  SCV  
  44  4:47  Marine  
  44  4:48  Marauder x2, Marine  
  51  4:54  Factory Tech Lab  
  51  4:56  Terran Infantry Weapons Level 1  
  51  5:05  Marine  
  52  5:09  Marauder x2  
  52  5:10  Terran Infantry Armor Level 1  
  56  5:17  Refinery  
  56  5:21  SCV x2  
  58  5:22  Command Center  
  58  5:30  Marauder  
  60  6:11  Supply Depot  
  60  6:17  Supply Depot  
  60  6:20  Armory  
  60  6:26  Starport  
  60  6:32  Siege Tank  
  63  6:34  Supply Depot  
  63  6:35  Marauder x2, Marine x2  
  69  6:43  Supply Depot  
  67  6:53  Marine x2  
  69  6:56  Marauder x2  
  69  6:57  Supply Depot  
  73  7:04  Siege Tank  
  73  7:07  Supply Depot  
  73  7:11  Marine x2  
  70  7:18  Marauder x2  
  70  7:21  Supply Depot  
  65  7:31  Supply Depot  
  65  7:32  Medivac  
  67  7:39  Marauder x2  
  71  8:02  Medivac  
  71  8:05  Marauder x2, Marine x2  
  61  8:13  Missile Turret  
  61  8:23  Marine x2  
  61  8:27  Marauder x2  
  66  8:32  Medivac  
  66  8:33  Missile Turret  
  62  8:34  Missile Turret  
  62  8:41  Marine x2  
  63  8:42  Planetary Fortress  
  63  8:43  SCV  
  63  8:48  Marauder x2  
  69  8:51  Missile Turret  
  69  8:59  Marine x2, Missile Turret  
  67  9:09  Marauder x2  
  66  9:16  Marine, Missile Turret  
  66  9:17  Marine  
  65  9:19  Missile Turret  
  65  9:20  Missile Turret x2  
  66  9:27  SCV x3  
  66  9:31  Marauder x2  
  73  9:34  Marine x2  
  73  9:35  Thor  
  81  9:39  SCV x3  
  84  9:50  Terran Infantry Weapons Level 2  
  84  9:51  SCV x3  
  84  9:52  Marine x4  
  91  10:03  SCV  
  90  10:09  Marine x2, Combat Shield  
  90  10:10  Marine x2  
  91  10:26  Medivac  
  91  10:27  Marine x2  
  91  10:28  Marine x2  
  95  10:59  Marauder x2  
  95  11:00  Marine  
  95  11:01  Marine  
  95  11:02  Thor  
  104  11:18  Marine x2  
  82  11:20  Marauder x2  
  80  11:36  Marine x2  
  76  11:42  Marauder x2  
  77  11:54  Marine x2  
  77  12:00  Thor  
  81  12:03  Marauder x2  
  75  12:11  Factory, Marine  
  75  12:12  Factory, Marine  
  77  12:20  SCV  
  77  12:21  SCV x2  
  80  12:24  Marauder x2  
  80  12:29  Marine  
  85  12:30  Marine  
  85  12:32  SCV  
  85  12:33  SCV x2  
  85  12:34  Terran Vehicle Weapons Level 1  
  85  12:36  Armory  
  89  12:40  Terran Infantry Armor Level 2  
  89  12:43  Thor  
  89  12:44  Viking  
  97  12:45  SCV x3  
  97  12:46  Marauder x2  
  104  12:57  SCV x3  
  107  13:07  Marauder x2  
  107  13:08  Factory Tech Lab x2  
  107  13:09  SCV x3  
  114  13:14  Viking  
  114  13:17  Marine x2  
  117  13:28  Marauder  
  117  13:29  Marauder  
  111  13:35  Marine x2  
  112  13:50  Marauder x2  
  112  13:52  Marine  
  112  13:53  Marine  
  118  14:05  Starport Reactor  
  118  14:08  Thor x2  
  130  14:10  Marine  
  130  14:11  Marauder  
  133  14:23  Command Center  
  133  14:29  Supply Depot  
  133  14:32  Supply Depot  
  133  14:50  SCV x2, Marine x2  
  133  14:51  Marauder x2, Supply Depot  
  141  14:53  Thor  
  141  14:57  Supply Depot  
  147  15:08  Marine x2  
  147  15:13  Marauder, Thor  
  157  15:14  Supply Depot  
  157  15:19  Marauder  
  159  15:25  SCV  
  159  15:26  SCV x2, Marine x2  
  164  15:35  Marauder  
  166  15:37  Supply Depot  
  166  15:38  SCV x3  
  166  15:40  Marauder, Terran Infantry Armor Level 3  
  166  15:41  Terran Infantry Weapons Level 3  
  171  15:43  Marine, Terran Vehicle Weapons Level 2, Terran Vehicle And Ship Armor Level 1  
  172  15:50  SCV x3  
  172  15:56  Marauder  
  177  15:57  Supply Depot  
  177  16:02  SCV x3, Marauder  
  177  16:03  Refinery, Planetary Fortress  
  182  16:06  Refinery, Missile Turret  
  182  16:14  SCV x2  
  182  16:18  Marauder  
  186  16:19  Command Center  
  186  16:20  Supply Depot  
  186  16:23  Marauder  
  163  16:27  Missile Turret  
  91  16:35  Marine x2  
  91  16:37  Thor  
  91  16:38  Thor x2  
  91  16:39  Marauder  
  111  16:45  Marauder  
  113  16:47  Missile Turret  
  113  16:52  Marine  
  113  16:53  Marine  
  115  17:01  Marauder  
  117  17:06  Marauder, Missile Turret  
  98  17:10  Marine  
  98  17:11  Marine  
  99  17:20  Thor x3  
  99  17:22  Marauder  
  105  17:26  Missile Turret  
  105  17:27  Marauder  
  105  17:28  Marine x2  
  101  17:43  Marauder  
  97  17:46  Marine x2  
  97  17:49  Marauder  
  97  17:50  Viking  
  103  18:03  Orbital Command, Thor x3  
  103  18:04  Marine x2  
  103  18:05  Marauder  
  125  18:10  Marauder  
  125  18:21  Marine  
  125  18:26  Marauder  
  128  18:28  Marine  
  128  18:32  Marauder  
  131  18:38  Command Center  
  131  18:39  Marine  
  132  18:46  Terran Vehicle And Ship Armor Level 2, Marine  
  132  18:48  Marauder  
  135  18:53  Marauder  
  135  18:54  Refinery  
  137  18:56  Refinery  
  137  18:57  Marine  
  137  19:03  Marine  
  137  19:09  Marauder  
  129  19:14  Marauder  
  129  19:15  Marine  
  122  19:21  Marine  
  123  19:30  Marauder  
  125  19:33  Marine  
  125  19:36  Marauder  
  125  19:37  SCV x2  
  130  19:39  Marine  
  129  19:49  SCV x2  
  129  19:50  Marine  
  129  19:52  Marauder  
  134  19:57  Marauder, Marine  
  99  20:01  SCV x2  
  79  20:08  Marine  
  79  20:13  SCV x2, Marauder  
  84  20:15  Marine  
  84  20:16  Orbital Command  
  84  20:18  Marauder  
  84  20:20  Barracks  
  84  20:21  Barracks  
  87  20:25  SCV, Barracks  
  87  20:26  Marine  
  89  20:32  Marine  
  89  20:34  Marauder  
  92  20:37  Terran Vehicle Weapons Level 3  
  92  20:40  Marauder  
  88  20:44  Marine  
  89  20:50  Marine  
  89  20:56  Marauder  
  83  21:01  Marauder  
  83  21:02  Marine  
  67  21:08  Marine  
  62  21:13  Marine  
  62  21:15  Thor  
  62  21:17  Marauder  
  58  21:20  Marine  
  58  21:23  Marauder  
  52  21:26  Marine  
  51  21:37  Marine, Thor  
  51  21:39  Marauder  
  57  21:44  Marauder, Marine  
  59  21:58  Barracks  
  59  22:00  Marauder  
  58  22:05  Marauder  
  54  22:21  Marauder  
  56  22:27  Marauder  
  56  22:28  Thor  
  64  22:30  Marine x2  
  64  22:34  Command Center  
  64  22:36  SCV  
  67  22:43  Marauder  
  69  22:46  Barracks  
  69  22:48  SCV, Marauder, Marine x2  
  72  23:00  SCV  
  72  23:04  Marauder  
  71  23:06  Marine x2  
  71  23:10  Marauder  
  71  23:12  SCV  
  61  23:14  Marine  
  54  23:23  Marine  
  54  23:24  SCV, Marine  
  54  23:26  Barracks, Marauder  
  59  23:30  Marine  
  59  23:32  Barracks Reactor  
  60  23:41  Barracks Reactor, Marine  
  60  23:42  Marine  
  60  23:46  Marine  
  63  23:48  Marine  
  64  23:59  Marine, Command Center  
  64  24:00  Marine  
  66  24:05  Marauder  
  66  24:07  Marauder  
  70  24:10  Marine x2  
  70  24:15  Factory  
  72  24:17  Marine x2  
  72  24:21  Refinery  
  72  24:23  SCV x3  
Show
View Real Time Build Order
Export as new Build Order

qqq Zerg - Winner!

Build Orders: Hatch First, Lurkers 

Get SALT Encoding   

  12  0:10  Drone x2  
  14  0:36  Hatchery  
  13  0:51  Spawning Pool  
  12  1:02  Overlord  
  12  1:03  Drone  
  13  1:07  Drone  
  13  1:09  Extractor  
  13  1:16  Drone  
  14  1:33  Drone  
  14  1:37  Drone  
  14  1:38  Queen  
  18  1:48  Drone  
  18  1:49  Drone  
  20  1:57  Queen  
  23  2:01  Drone  
  23  2:05  Drone  
  24  2:15  Spine Crawler  
  23  2:16  Drone  
  23  2:22  Drone x2  
  26  2:26  Drone  
  27  2:32  Overlord  
  27  2:47  Drone, Spine Crawler  
  27  2:52  Drone  
  27  2:56  Drone x2  
  30  3:02  Spine Crawler  
  29  3:10  Drone  
  29  3:11  Overlord  
  30  3:12  Spine Crawler  
  29  3:20  Lair  
  29  3:33  Drone x3  
  32  3:38  Drone  
  32  3:39  Drone x2, Extractor  
  34  3:49  Drone  
  34  3:50  Drone  
  35  4:15  Zergling x6  
  35  4:16  Drone x2  
  40  4:45  Queen  
  40  4:46  Drone x3  
  40  4:47  Drone  
  40  4:48  Overlord x3  
  44  4:55  Hydralisk Den  
  43  5:12  Spine Crawler  
  43  5:14  Drone x3, Extractor  
  44  5:15  Extractor  
  44  5:16  Drone x2  
  44  5:19  Hatchery  
  44  5:27  Evolution Chamber  
  43  5:28  Grooved Spines, Evolution Chamber  
  43  5:29  Hydralisk x2  
  43  5:30  Hydralisk x2  
  50  5:47  Hydralisk  
  52  5:50  Lurker Den  
  52  5:51  Hydralisk  
  52  5:53  Hydralisk, Overlord  
  52  5:55  Overlord  
  55  6:09  Drone  
  55  6:10  Hydralisk x2  
  60  6:18  Overseer  
  60  6:20  Pneumatized Carapace  
  60  6:22  Zergling x10  
  65  6:26  Overlord  
  65  6:49  Lurker x3  
  65  6:52  Zergling x10  
  73  6:56  Metabolic Boost  
  73  6:58  Zergling x2  
  73  6:59  Zergling x2  
  75  7:09  Drone x3  
  78  7:23  Hydralisk x2  
  78  7:24  Hydralisk x2  
  86  7:41  Hatchery  
  84  7:53  Hatchery x2  
  84  7:55  Hydralisk x3  
  84  7:56  Hydralisk  
  90  7:59  Lurker  
  90  8:02  Drone  
  92  8:08  Muscular Augments  
  92  8:10  Zerg Missile Weapons Level 1  
  88  8:58  Hydralisk  
  88  9:00  Overlord x2  
  88  9:01  Overlord x7  
  89  9:18  Hydralisk  
  89  9:19  Hydralisk x3  
  89  9:22  Drone  
  99  9:24  Drone x4  
  102  9:39  Drone x4  
  107  9:45  Lurker x2  
  107  9:46  Lurker x3  
  107  9:47  Hydralisk  
  107  9:50  Drone  
  106  10:16  Spore Crawler  
  106  10:17  Spore Crawler x2  
  103  10:22  Spore Crawler  
  103  10:25  Hydralisk x3, Spore Crawler  
  103  10:26  Hydralisk x2, Spore Crawler  
  101  10:44  Drone x3  
  101  10:47  Spore Crawler  
  103  10:50  Spore Crawler  
  103  10:51  Spore Crawler  
  101  11:10  Hatchery  
  100  11:15  Drone x2  
  100  11:18  Drone  
  103  11:20  Drone  
  103  11:25  Drone x2  
  81  11:53  Hydralisk x5  
  77  11:55  Drone x2  
  77  11:57  Drone  
  78  12:07  Drone  
  79  12:16  Hatchery  
  75  12:31  Drone x2  
  75  12:32  Drone  
  75  12:33  Hydralisk  
  74  12:37  Hydralisk x4  
  74  12:41  Drone x2  
  84  12:48  Zerg Ground Armor Level 1  
  84  12:53  Hydralisk x2  
  81  13:08  Hydralisk x4  
  81  13:10  Drone  
  81  13:11  Drone x3  
  75  13:24  Hydralisk x3  
  75  13:25  Drone x2  
  75  13:26  Drone  
  82  13:35  Drone  
  82  13:36  Hydralisk  
  83  13:42  Drone  
  83  13:45  Drone x6  
  83  13:46  Drone, Hydralisk  
  93  14:00  Drone x3  
  96  14:04  Drone  
  96  14:05  Drone  
  98  14:14  Zerg Missile Weapons Level 2  
  98  14:15  Lurker Den  
  97  14:17  Drone  
  97  14:18  Drone x5  
  97  14:19  Drone  
  97  14:20  Hydralisk x3  
  110  14:41  Drone x4, Spore Crawler  
  110  14:43  Spore Crawler  
  112  14:46  Spore Crawler x2  
  112  14:49  Spore Crawler  
  112  14:50  Hydralisk x2, Zergling x4  
  112  14:51  Hydralisk x4  
  92  15:18  Zergling x10  
  92  15:19  Zergling x4  
  90  15:33  Hydralisk x3  
  90  15:35  Drone x3  
  99  15:39  Lurker x6  
  105  15:53  Hatchery  
  105  15:54  Hydralisk x4  
  105  15:55  Hydralisk x2  
  105  15:56  Drone  
  117  16:12  Hydralisk x5  
  117  16:13  Hydralisk  
  117  16:14  Drone  
  117  16:15  Drone  
  131  16:38  Hydralisk  
  131  16:39  Hydralisk x6  
  145  16:53  Hydralisk x3  
  148  16:55  Drone x3  
  134  17:14  Hydralisk x3  
  140  17:21  Drone  
  140  17:22  Drone, Hydralisk  
  120  17:23  Zergling x4  
  120  17:24  Zergling x6  
  110  17:38  Hydralisk x3  
  110  17:41  Drone x2  
  112  17:51  Hydralisk  
  109  17:53  Zergling x8  
  109  17:54  Drone  
  109  17:58  Extractor x2  
  112  18:08  Hatchery  
  108  18:19  Hydralisk x3  
  107  18:20  Hydralisk  
  107  18:21  Drone x2  
  107  18:22  Drone  
  107  18:23  Drone  
  107  18:25  Extractor x2  
  117  18:38  Hatchery  
  116  18:45  Hatchery  
  116  18:47  Hydralisk  
  116  18:48  Hydralisk x3  
  116  18:50  Drone x2  
  119  18:57  Zergling x4  
  119  18:58  Zergling x6  
  119  18:59  Drone  
  122  19:15  Drone, Hydralisk x3  
  122  19:16  Hydralisk  
  131  19:33  Drone x4  
  131  19:34  Overlord x4  
  135  19:42  Drone x2  
  135  19:45  Burrow  
  137  19:49  Spore Crawler  
  137  19:50  Spore Crawler  
  137  19:51  Drone, Spore Crawler  
  135  19:53  Spore Crawler  
  134  20:11  Drone  
  134  20:12  Drone x9  
  144  20:16  Baneling Nest  
  144  20:17  Zerg Ground Armor Level 2  
  144  20:20  Evolution Chamber  
  103  20:33  Hydralisk x3  
  103  20:34  Zergling x8  
  103  20:35  Drone x3, Zergling x4  
  107  20:36  Drone x5  
  113  20:55  Hydralisk x3  
  113  20:56  Drone x2  
  113  20:57  Drone x6, Infestation Pit  
  124  20:59  Overseer  
  118  21:23  Hydralisk x4  
  118  21:24  Hydralisk x3  
  118  21:25  Zergling x4  
  129  21:45  Hydralisk  
  129  21:46  Hydralisk  
  124  21:47  Drone x3  
  124  21:48  Drone x7  
  124  21:49  Drone x2, Zergling x4  
  124  21:50  Zergling x4  
  138  22:00  Zergling x4  
  137  22:02  Lair  
  135  22:10  Drone x6  
  141  22:18  Hydralisk x2  
  141  22:20  Drone x3  
  141  22:21  Zergling x4  
  123  22:27  Baneling x2  
  111  22:33  Drone x5  
  111  22:34  Drone x2  
  111  22:36  Spine Crawler  
  117  22:37  Spine Crawler, Spore Crawler  
  113  22:45  Lurker  
  113  22:48  Zergling x8  
  113  22:50  Drone x4  
  122  22:53  Extractor  
  122  22:54  Extractor  
  122  22:55  Extractor  
  122  22:56  Drone x4  
  122  22:57  Extractor  
  122  23:08  Baneling x5  
  122  23:26  Zergling x4  
  122  23:27  Zergling x8  
  126  23:28  Drone x7  
  126  23:29  Drone x4  
  139  23:38  Extractor  
  138  23:43  Baneling x7  
  138  23:48  Drone x5  
  143  24:08  Drone x3, Zergling x2  
  143  24:09  Hydralisk x2, Zergling x4  
  153  24:10  Hydralisk x2  
  153  24:11  Zergling x8  
  153  24:13  Hatchery  
Tags
 
Add a new tag
Caveats
  • Supply blocks, unpowered buildings, or Contaminate may cause inaccurate times.
  • Supply counts are checked every 10 seconds.